General information
- name: BNet
- type: Ladder team game (AT/RT)
- host: Battle.net
- saver: CREEPING-GENIUS
map: Battleground
- players: 8
- length: 15:50
- speed: Fast
- version: 1.26 W3XP
- replay type: Public
» download(114 KB)
Players
team 1 (loser)
scadinha (
purple | 45 APM | 693 actions | 15:28)
4 Far Seer
2 Feral Spirit
2 Chain Lighting
» actions
| Assign group hotkey | 26 | |
| Basic commands | 80 | |
| Build / train | 44 | |
| Enter build submenu | 19 | |
| Enter hero's abilities submenu | 4 | |
| Right click | 102 | |
| Select / deselect | 185 | |
| Select group hotkey | 177 | |
| Use ability | 56 | |
693 total
» units
» upgrades
| Melee Weapons | 1 | |
| Armor | 1 | |
| Shaman Training | 2 | |
4 total
» buildings
| Altar of Storms | 1 | |
| Orc Burrow | 7 | |
| Barracks | 1 | |
| Voodoo Lounge | 2 | |
| Stronghold | 1 | |
| War Mill | 1 | |
| Fortress | 1 | |
| Spirit Lodge | 3 | |
| Tauren Totem | 2 | |
19 total
» build order
00:21 Altar of Storms
00:37 Orc Burrow
00:52 Barracks
01:37 Orc Burrow
02:14 Voodoo Lounge
03:28 Stronghold
03:49 War Mill
06:01 Fortress
06:10 Spirit Lodge
06:11 Spirit Lodge
06:55 Spirit Lodge
07:01 Voodoo Lounge
07:28 Orc Burrow
07:37 Orc Burrow
09:11 Tauren Totem
09:39 Tauren Totem
10:36 Orc Burrow
13:55 Orc Burrow
14:53 Orc Burrow
» items
| Scroll of Town Portal | 1 | |
| Healing Salve | 1 | |
| Lesser Clarity Potion | 6 | |
| Orb of Lightning | 1 | |
| Potion of Mana | 2 | |
11 total
RomneyRyanVoter (
blue | 44 APM | 683 actions | 15:24)
5 Mountain King
3 Storm Bolt
2 Bash
» actions
| Assign group hotkey | 27 | |
| Build / train | 47 | |
| Enter build submenu | 16 | |
| Enter hero's abilities submenu | 5 | |
| Remove unit from queue | 1 | |
| Right click | 255 | |
| Select / deselect | 183 | |
| Select group hotkey | 100 | |
| Use ability | 49 | |
683 total
» units
| Peasant | 14 | |
| Footman | 5 | |
| Rifleman | 6 | |
| Forest Troll Shadow Priest | 1 | |
| Forest Troll Berserker | 1 | |
| Mud Golem | 1 | |
| Siege Engine | 2 | |
30 total
» upgrades
» buildings
| Barracks | 2 | |
| Farm | 7 | |
| Altar of Kings | 1 | |
| Blacksmith | 1 | |
| Lumber Mill | 1 | |
| Keep | 2 | |
| Arcane Vault | 1 | |
| Castle | 1 | |
| Workshop | 2 | |
18 total
» build order
00:22 Barracks
00:26 Barracks
00:32 Farm
00:34 Farm
00:38 Altar of Kings
01:40 Farm
01:41 Farm
02:12 Blacksmith
02:43 Lumber Mill
03:22 Farm
03:31 Keep
03:31 Keep
04:14 Arcane Vault
05:44 Farm
06:24 Farm
07:09 Castle
09:39 Workshop
09:50 Workshop
» items
| Scroll of Regeneration | 1 | |
| Lesser Clarity Potion | 1 | |
| Scroll of Town Portal | 1 | |
3 total

»
WinonasBeaver (
green | 34 APM | 525 actions | 15:33)
4 Crypt Lord
2 Carrion Beetles
2 Impale
» actions
| Assign group hotkey | 4 | |
| Basic commands | 7 | |
| Build / train | 47 | |
| Enter build submenu | 23 | |
| Enter hero's abilities submenu | 6 | |
| Right click | 225 | |
| Select / deselect | 184 | |
| Use ability | 29 | |
525 total
» units
| Acolyte | 9 | |
| Ghoul | 4 | |
| Crypt Fiend | 8 | |
| Gargoyle | 5 | |
26 total
» upgrades
| Creature Attack | 2 | |
| Creature Carapace | 2 | |
| Web | 1 | |
5 total
» buildings
| Ziggurat | 9 | |
| Crypt | 2 | |
| Graveyard | 1 | |
| Altar of Darkness | 1 | |
| Nerubian Tower | 3 | |
| Spirit Tower | 3 | |
| Tomb of Relics | 1 | |
| Halls of the Dead | 1 | |
| Black Citadel | 1 | |
22 total
» build order
00:09 Ziggurat
00:19 Crypt
00:43 Graveyard
01:00 Altar of Darkness
01:11 Nerubian Tower
01:39 Ziggurat
02:32 Spirit Tower
02:36 Tomb of Relics
03:04 Ziggurat
04:37 Halls of the Dead
05:27 Crypt
05:34 Ziggurat
07:04 Black Citadel
07:48 Ziggurat
09:55 Ziggurat
11:16 Nerubian Tower
11:18 Spirit Tower
12:34 Ziggurat
12:38 Ziggurat
12:49 Ziggurat
13:32 Spirit Tower
13:33 Nerubian Tower
» items
| Rod of Necromancy | 1 | |
| Sacrificial Skull | 1 | |
| Dust of Appearance | 1 | |
3 total
birdtheword (
teal | 63 APM | 965 actions | 15:25)
3 Paladin
2 Holy Light
1 Devotion Aura
» actions
| Assign group hotkey | 20 | |
| Basic commands | 4 | |
| Build / train | 51 | |
| ESC pressed | 4 | |
| Enter build submenu | 18 | |
| Enter hero's abilities submenu | 4 | |
| Right click | 381 | |
| Select / deselect | 231 | |
| Select group hotkey | 210 | |
| Use ability | 42 | |
965 total
» units
» upgrades
| Gunpowder | 2 | |
| Long Rifles | 1 | |
| Plating | 1 | |
| Armor | 1 | |
5 total
» buildings
| Altar of Kings | 1 | |
| Farm | 7 | |
| Blacksmith | 1 | |
| Barracks | 1 | |
| Scout Tower | 2 | |
| Arcane Tower | 1 | |
| Arcane Vault | 2 | |
| Lumber Mill | 1 | |
| Keep | 1 | |
| Guard Tower | 1 | |
| Workshop | 1 | |
19 total
» build order
00:08 Altar of Kings
00:11 Farm
00:34 Blacksmith
01:03 Barracks
01:39 Farm
02:17 Scout Tower
02:36 Farm
02:54 Farm
03:15 Arcane Tower
03:58 Farm
03:59 Farm
04:26 Scout Tower
05:32 Arcane Vault
05:48 Lumber Mill
06:51 Keep
07:04 Guard Tower
07:12 Arcane Vault
13:46 Workshop
14:06 Farm
» items
| Lesser Clarity Potion | 1 | |
| Scroll of Regeneration | 1 | |
| Scroll of Town Portal | 1 | |
| Potion of Mana | 1 | |
4 total
team 2 (winner)

»
CREEPING-GENIUS (
yellow | 70 APM | 1117 actions | 15:50)
7 Crypt Lord
3 Carrion Beetles
3 Spiked Carapace
1 Locust Swarm
» actions
| Assign group hotkey | 31 | |
| Build / train | 40 | |
| Enter build submenu | 12 | |
| Enter hero's abilities submenu | 7 | |
| Give item / drop item | 2 | |
| Right click | 470 | |
| Select / deselect | 150 | |
| Select group hotkey | 372 | |
| Use ability | 33 | |
1117 total
» units
» upgrades
| Creature Attack | 2 | |
| Creature Carapace | 2 | |
| Stone Form | 1 | |
| Freezing Breath | 1 | |
6 total
» buildings
| Crypt | 2 | |
| Ziggurat | 6 | |
| Graveyard | 1 | |
| Halls of the Dead | 1 | |
| Altar of Darkness | 1 | |
| Tomb of Relics | 1 | |
| Nerubian Tower | 1 | |
| Black Citadel | 1 | |
| Sacrificial Pit | 1 | |
| Boneyard | 2 | |
17 total
» build order
00:08 Crypt
00:11 Ziggurat
00:45 Ziggurat
01:57 Graveyard
02:17 Halls of the Dead
02:36 Altar of Darkness
02:40 Tomb of Relics
02:48 Nerubian Tower
03:06 Ziggurat
03:32 Crypt
03:46 Ziggurat
09:13 Black Citadel
10:20 Sacrificial Pit
10:22 Ziggurat
10:23 Ziggurat
12:17 Boneyard
12:18 Boneyard
» items
| Potion of Healing | 3 | |
| Scroll of Town Portal | 2 | |
| Potion of Lesser Invulnerability | 1 | |
| Potion of Mana | 1 | |
| Orb of Corruption | 1 | |
8 total
dontgetmadatme (
pink | 145 APM | 2254 actions | 15:34)
4 Demon Hunter
2 Mana Burn
2 Evasion
1 Keeper of the Grove
1 Entangling Roots
1 Naga Sea Witch
1 Frost Arrows
» actions
| Assign group hotkey | 222 | |
| Basic commands | 174 | |
| Build / train | 82 | |
| ESC pressed | 3 | |
| Enter build submenu | 14 | |
| Enter hero's abilities submenu | 6 | |
| Give item / drop item | 3 | |
| Remove unit from queue | 5 | |
| Right click | 950 | |
| Select / deselect | 454 | |
| Select group hotkey | 265 | |
| Use ability | 73 | |
2254 total
» units
» upgrades
| Abolish Magic | 1 | |
| Druid of the Claw Training | 2 | |
3 total
» buildings
| Altar of Elders | 1 | |
| Moon Well | 4 | |
| Ancient of War | 2 | |
| Ancient of Wonders | 1 | |
| Tree of Ages | 4 | |
| Tree of Eternity | 4 | |
| Hunter's Hall | 1 | |
| Ancient of Lore | 2 | |
| Tree of Life | 1 | |
20 total
» build order
00:12 Altar of Elders
00:21 Moon Well
00:36 Ancient of War
01:16 Ancient of War
01:41 Moon Well
02:00 Ancient of Wonders
03:27 Tree of Ages
03:27 Tree of Ages
03:27 Tree of Ages
05:17 Moon Well
05:20 Moon Well
07:20 Tree of Eternity
07:21 Tree of Eternity
07:21 Tree of Eternity
07:23 Hunter's Hall
09:17 Ancient of Lore
11:03 Tree of Life
14:58 Ancient of Lore
» items
| Boots of Speed | 6 | |
| Staff of Teleportation | 3 | |
| Staff of Preservation | 4 | |
| Potion of Lesser Invulnerability | 3 | |
| Scroll of Town Portal | 2 | |
| Potion of Invisibility | 1 | |
| Orb of Venom | 3 | |
| Lesser Clarity Potion | 1 | |
23 total

»
NoobFree913 (
orange | 30 APM | 465 actions | 15:34)
5 Dark Ranger
2 Black Arrow
3 Life Drain
» actions
| Basic commands | 3 | |
| Build / train | 67 | |
| Enter build submenu | 11 | |
| Enter hero's abilities submenu | 5 | |
| Right click | 240 | |
| Select / deselect | 115 | |
| Use ability | 24 | |
465 total
» units
| Peasant | 9 | |
| Footman | 26 | |
| Knight | 15 | |
50 total
» upgrades
| Swords | 2 | |
| Plating | 1 | |
| Animal War Training | 1 | |
4 total
» buildings
| Farm | 5 | |
| Altar of Kings | 1 | |
| Barracks | 1 | |
| Scout Tower | 1 | |
| Keep | 1 | |
| Arcane Vault | 1 | |
| Blacksmith | 1 | |
| Castle | 1 | |
| Lumber Mill | 1 | |
13 total
» build order
00:11 Farm
00:15 Altar of Kings
00:33 Barracks
00:51 Farm
01:37 Farm
02:26 Scout Tower
02:51 Farm
05:20 Keep
06:17 Arcane Vault
06:22 Blacksmith
09:06 Castle
09:14 Lumber Mill
10:05 Farm
» items
| Potion of Healing | 1 | |
| Rod of Necromancy | 1 | |
| Scroll of Town Portal | 1 | |
| Scroll of Healing | 1 | |
| Potion of Lesser Invulnerability | 1 | |
5 total

»
Creature.of.Sol (
red | 46 APM | 719 actions | 15:34)
4 Blademaster
2 Critical Strike
2 Wind Walk
2 Shadow Hunter
1 Healing Wave
1 Hex
» actions
| Assign group hotkey | 16 | |
| Basic commands | 96 | |
| Build / train | 41 | |
| ESC pressed | 5 | |
| Enter build submenu | 16 | |
| Enter hero's abilities submenu | 6 | |
| Give item / drop item | 1 | |
| Right click | 147 | |
| Select / deselect | 125 | |
| Select group hotkey | 220 | |
| Use ability | 46 | |
719 total
» units
» upgrades
| Melee Weapons | 2 | |
| Pillage | 1 | |
| Berserker Strength | 1 | |
| Armor | 2 | |
| Reinforced Defenses | 1 | |
7 total
» buildings
| Altar of Storms | 2 | |
| Orc Burrow | 8 | |
| Barracks | 1 | |
| Voodoo Lounge | 1 | |
| Stronghold | 1 | |
| War Mill | 1 | |
| Fortress | 1 | |
| Watch Tower | 2 | |
| Tauren Totem | 1 | |
18 total
» build order
00:07 Altar of Storms
00:13 Orc Burrow
01:12 Barracks
01:39 Orc Burrow
02:31 Voodoo Lounge
03:18 Orc Burrow
03:20 Stronghold
03:57 War Mill
05:07 Orc Burrow
07:02 Fortress
07:15 Watch Tower
07:20 Watch Tower
10:06 Orc Burrow
10:30 Orc Burrow
11:24 Tauren Totem
13:34 Orc Burrow
14:58 Altar of Storms
15:14 Orc Burrow
» items
| Healing Salve | 2 | |
| Orb of Lightning | 1 | |
| Scroll of Town Portal | 1 | |
4 total
Chat log
(00:24 / Allies) NoobFree913: rush
(00:40 / Allies) NoobFree913: ?
(02:30 / Allies) CREEPING-GENIUS: we have a girly colored team, red, pink, oj, and yellow
(05:46 / Allies) Creature.of.Sol: help pink
(05:48 / Allies) Creature.of.Sol: yellow
(05:52 / Allies) CREEPING-GENIUS: coming lolz
(06:48 / Allies) NoobFree913: yellow thank for teamwork
(06:55 / Allies) CREEPING-GENIUS: relax
(08:11 / Allies) CREEPING-GENIUS: tp?
(08:46 / Allies) Creature.of.Sol: yellow you're an idiot
(09:18 / Allies) Creature.of.Sol: you're a moron yellow
(09:24 / Allies) NoobFree913: wow whata jackass
(09:38 / Allies) Creature.of.Sol: i lost everything, noobs
(09:40 / Allies) Creature.of.Sol: now kill them
(09:41 / Allies) Creature.of.Sol: or lose
(09:42 / Allies) CREEPING-GENIUS: ur such ab aby
(09:44 / Allies) Creature.of.Sol: cause we down a player now
(09:44 / Allies) CREEPING-GENIUS: we are fine lolz
(09:49 / Allies) NoobFree913: i had teal dead as well what a fuck
(09:51 / Allies) Creature.of.Sol: kill them or lose
(10:38 / Allies) CREEPING-GENIUS: i already got a level 5 hero i pawn u red
(10:45 / Allies) Creature.of.Sol: i lost my base, duh
(10:47 / Allies) Creature.of.Sol: noob
(12:35 / Allies) CREEPING-GENIUS: i just raped purple
(13:01 / All) CREEPING-GENIUS: i will be back purple
(14:11 / Allies) Creature.of.Sol: team?
(14:20 / Allies) CREEPING-GENIUS: ur ok
(15:20 / All) birdtheword: gg yellow
(15:22 / All) CREEPING-GENIUS: gg
(15:26 / All) CREEPING-GENIUS: did i do good?
(15:31 / Allies) Creature.of.Sol: no
(15:32 / Allies) Creature.of.Sol: obviously not